 Dungeon Crawl Stone Soup version 0.25.1-9-gc5326a611f (webtiles) character file.

Game seed: 6332028536121944524

28 DumpfeFlamme the Skirmisher (level 3, 18/43 HPs)
             Began as a Demonspawn Berserker on Aug 17, 2021.
             Was a Believer of Trog.
             Quit the game on level 1 of the Dungeon.
             The game lasted 00:02:33 (572 turns).

DumpfeFlamme the Skirmisher (Demonspawn Berserker)   Turns: 572, Time: 00:02:34

Health: 18/43      AC:  3    Str: 17    XL:     3   Next: 0%
Magic:  3/3        EV: 11    Int:  8    God:    Trog [**....]
Gold:   17         SH:  3    Dex: 13    Spells: 2/2 levels left

rFire    . . .     SeeInvis .   a - +0 mace
rCold    . . .     Gourm    .   e - +0 buckler
rNeg     . . .     Faith    .   d - +0 leather armour
rPois    .         Spirit   .   (no helmet)
rElec    .         Reflect  .   (no cloak)
rCorr    .         Harm     .   (no gloves)
MR       .....                  (no boots)
Stlth    ..........             (no amulet)
HPRegen  0.14/turn              (no ring)
MPRegen  0.08/turn              (no ring)

@: berserking, very quick
A: talons 1, demonic guardian 1
a: Berserk, Trog's Hand, Renounce Religion


You were on level 1 of the Dungeon.
You worshipped Trog.
Trog was pleased with you.
You were not hungry.

You visited 1 branch of the dungeon, and saw 1 of its levels.

You collected 17 gold pieces.

Inventory:

Hand Weapons
 a - a +0 mace (weapon)
Missiles
 b - 15 poisoned darts (quivered)
Armour
 d - a +0 leather armour (worn)
 e - a +0 buckler (worn)
Potions
 g - a potion of might {unknown}
 h - a potion of curing {unknown}
Comestibles
 c - 2 rations
 f - 8 chunks of flesh


   Skills:
 + Level 3.2 Fighting
 * Level 3.2 Maces & Flails
 + Level 2.1 Armour
 + Level 2.1 Dodging


You had 2 spell levels left.
You didn't know any spells.
Your spell library was empty.

Dungeon Overview and Level Annotations

Branches:
Dungeon (1/15)

Altars:


Innate Abilities, Weirdness & Mutations

You have sharp toenails.
A weak demonic guardian rushes to your aid.


Message History

Trog accepts your kill.
You can now call upon Trog for regeneration and magic resistance.
The jackal barely misses you.
Your shield and leather armour prevent you from hitting the jackal.
You claw the jackal.
You kill the jackal!
Trog accepts your kill.
You barely miss the jackal. The jackal misses you.
You completely miss the jackal.
The jackal bites you but does no damage.
The jackal bites you.
You sock the jackal!
You kill the jackal!
Trog accepts your kill.
You have reached level 3!
Your experience leads to an increase in your attributes!
Increase (S)trength, (I)ntelligence, or (D)exterity?
You feel agile.
Your demonic ancestry asserts itself...
You feel the presence of a demonic guardian.
Are you sure you want to abandon this character and quit the game? (Confirm with "yes".)

#.#.#...#.#########.#..
###.#####...........#..
#.##########........#
#...!####### .
######.....?K.#
..............#
..............#..
........# ###. #######@#
#.. ########)## #.# ...
#.........####.# #..
#..............#### #.#
#.........#.......# #.#
#.........#.......# #.##
#.........#.......# #.##
#.........#.......####...
#.........#..............


There were no monsters in sight!

Vanquished Creatures
  A ball python (D:1)
  4 goblins (D:1)
  4 hobgoblins (D:1)
  7 jackals (D:1)
  2 kobolds (D:1)
  2 bats (D:1)
  3 frilled lizards (D:1)
  A rat (D:1)
24 creatures vanquished.

Notes
Turn   | Place    | Note
-------+----------+-------------------------------------------
     0 | D:1      | DumpfeFlamme the Demonspawn Berserker began the quest for
                  | the Orb.
     0 | D:1      | Reached XP level 1. HP: 18/18 MP: 1/1
   176 | D:1      | Gained mutation: You have sharp toenails. [demonic
                  | ancestry]
   176 | D:1      | Reached XP level 2. HP: 18/24 MP: 2/2
   567 | D:1      | Reached ** piety under Trog
   571 | D:1      | Gained mutation: A weak demonic guardian rushes to your
                  | aid. [demonic ancestry]
   571 | D:1      | Reached XP level 3. HP: 18/29 MP: 3/3
   572 | D:1      | Quit the game

Illustrated notes

Levels and vault maps discovered:
D:1:      lemuel_arrival_muddy, layout_basic

Skill      XL: |  1  2 |
---------------+-------+-----
Maces & Flails | 3 |  3.2
Armour         | 2 |  2.1
Dodging        | 2 |  2.1
Fighting       | |  3.2

Action                   || total
-------------------------++-------
Melee: Mace              ||    61
       Kick              ||     7
Throw: Dart              ||     2
Invok: Berserk           ||     1
Armor: Leather armour    ||    16
Dodge: Dodged            ||    45
